 Dungeon Crawl Stone Soup version 0.31-a0-846-gb3bcc0d938 (webtiles) character file.

Game seed: 16443175762951178111

714 gruber the Chiller (level 7, -4/51 HPs)
             Began as a Gnoll Ice Elementalist on Oct 3, 2023.
             Slain by an ice beast (11 damage)
             ... on level 4 of the Dungeon.
             The game lasted 00:04:50 (4053 turns).

gruber the Chiller (Gnoll Ice Elementalist)         Turns: 4053, Time: 00:04:50

Health: -4/51      AC:  4    Str:  7    XL:     7   Next: 69%
Magic:  10/24      EV: 14    Int: 16    God:
Gold:   134        SH:  0    Dex: 13    Spells: 10/17 levels left

rFire   . . .        p - +0 sling
rCold   . . .        (no shield)
rNeg    + + .        x - +2 robe {rN+}
rPois   .            (no helmet)
rElec   .            (no cloak)
rCorr   .            (no gloves)
SInv    .            (no boots)
Will    .....        (no amulet)
Stlth   +++          e - ring of positive energy
HPRegen 0.28/turn    a - ring of magical power
MPRegen 0.19/turn

%: no passive effects
@: no status effects
A: fangs 1, strong nose, distributed training
a: no special abilities


You were on level 4 of the Dungeon.
You visited 1 branch of the dungeon, and saw 5 of its levels.

You collected 134 gold pieces.

Inventory:

Hand Weapons
 p - a +0 sling (weapon)
 w - a +1 vampiric dagger
Armour
 x - a +2 robe of positive energy (worn)
Jewellery
 a - a ring of magical power (right hand)
 e - a ring of positive energy (left hand)
 m - a ring of positive energy
Wands
 u - a wand of iceblast (8)
Scrolls
 d - 6 scrolls of identify {unknown}
 f - 2 scrolls of torment {unknown}
 h - 2 scrolls of amnesia {unknown}
 j - 2 scrolls of blinking {unknown}
 k - a scroll of poison {unknown}
 n - 2 scrolls of noise {unknown}
 r - 2 scrolls of teleportation {unknown}
 s - a scroll of enchant weapon {unknown}
 t - a scroll of immolation {unknown}
Potions
 b - a potion of magic
 c - a potion of degeneration {unknown}
 g - a potion of lignification {unknown}
 i - a potion of cancellation {unknown}
 l - 2 potions of enlightenment {unknown}
 o - a potion of heal wounds {unknown}
 q - a potion of haste {unknown}
 v - 3 potions of curing {unknown}


   Skills:
 + Level 2.7 Fighting
 + Level 2.7 Short Blades
 + Level 2.7 Long Blades
 + Level 2.7 Axes
 + Level 2.7 Maces & Flails
 + Level 2.7 Polearms
 + Level 2.7 Staves
 + Level 2.7 Ranged Weapons
 + Level 2.7 Throwing
 + Level 2.7 Armour
 + Level 5.3 Dodging
 + Level 5.0 Stealth
 + Level 2.7 Shields
 + Level 2.7 Unarmed Combat
 + Level 5.7 Spellcasting
 + Level 2.2 Conjurations
 + Level 2.2 Hexes
 + Level 2.2 Summonings
 + Level 2.2 Necromancy
 + Level 2.2 Translocations
 + Level 2.2 Transmutations
 + Level 2.2 Fire Magic
 + Level 7.5 Ice Magic
 + Level 2.2 Air Magic
 + Level 2.2 Earth Magic
 + Level 2.2 Poison Magic
 + Level 3.0 Invocations
 + Level 2.7 Evocations
 + Level 2.4 Shapeshifting


You had 10 spell levels left.
You knew the following spells:

 Your Spells              Type           Power      Damage    Failure   Level
a - Freeze                Ice            100%       1d10      1%          1
b - Frozen Ramparts       Ice            56%        1d9       1%          3
c - Ozocubu's Armour      Ice            28%        N/A       1%          3

Your spell library contained the following spells:

 Spells                   Type           Power      Damage    Failure   Level
 Ensorcelled Hibernation  Hex/Ice        40%        N/A       3%          2
 Passwall                 Tmut/Erth      9%         N/A       9%          2
 Swiftness                Air            11%        N/A       17%         3
 Summon Ice Beast         Ice/Summ       20%        N/A       19%         4


Dungeon Overview and Level Annotations

Branches:
Dungeon (5/15)
 Temple: D:4-7

Altars:
Ashenzari
Dithmenos
Qazlal
Vehumet
Wu Jian

Shops:
D:4 *

Annotations:
D:1 1 transporter


Innate Abilities, Weirdness & Mutations

You have very sharp teeth.
Your uncanny sense of smell can sniff out nearby items.
Your experience applies equally to all skills.


Message History

A gnoll comes into view. It is wielding a +0 flail.
Unknown command.
Aiming: Freeze (safe; 1% risk of failure)
Press: ? - help, Q - select action, (/) - cycle Shift-Dir - straight line, f/p - ice beast
Aim: an ice beast You freeze the ice beast but do no damage.
The ice beast completely resists.
The wall freezes the ice beast but does no damage.
The ice beast hits you but does no damage.
Unknown command.
Okay, then.
Your icy armour cracks and falls away as you move.
The frozen ramparts melt away as you move.
The ice beast attacks as it pursues you!
The ice beast hits you. The ice beast freezes you!
The ice beast attacks as it pursues you!
The ice beast hits you. The ice beast freezes you!
* * * LOW HITPOINT WARNING * * *
There is a stone staircase leading up, spattered with blood here.
The ice beast hits you.
* * * LOW HITPOINT WARNING * * *
The ice beast freezes you!
* * * LOW HITPOINT WARNING * * *
You climb upwards.
There is a stone staircase leading down here.
Unknown command.
Unknown command.
The ice beast attacks as it pursues you!
The ice beast hits you but does no damage.
The ice beast attacks as it pursues you!
The ice beast closely misses you.
Aiming: Iceblast
Press: ? - help, Shift-Dir - straight line
Okay, then.
The ice beast closely misses you.
The ice beast attacks as it pursues you!
The ice beast hits you.
* * * LOW HITPOINT WARNING * * *
The ice beast freezes you!
You die...

#....######)....#
#.#
#.########.####.#
#.# ........)..##
#.# #.#
)...........# #.#
#.# ...########.#
#.# #.# ...### #.#
#.######.# ...#.##
#.# #......#.#
....#.## #.#
#.Y###.#.# ...###.##
#.# #.@......# ..##
##.# #.# ##.#)#>###
...###.## #.#
#.....#
#.#.#..####.#
###.###
............# #.#
.......###.## #.#
###....# #.# #.#
#....# #.#######.#
###....###..(......#


You could see an ice beast.

Vanquished Creatures
  An ogre (D:5)
  A sky beast (D:4)
  A scorpion (D:4)
  A hound (D:4)
  5 orc priests
  Jessica (D:3)
  An iguana (D:5)
  2 orc wizards
  A gnoll (D:5)
  3 adders
  4 ufetubi (D:4)
  2 worms (D:2)
  3 dart slugs
  13 orcs
  7 bats
  10 endoplasms
  3 giant cockroaches
  11 goblins
  12 hobgoblins
  4 jackals (D:1)
  9 quokkas
  8 ball pythons
  5 frilled lizards
  8 kobolds
  5 rats
121 creatures vanquished.

Notes
Turn   | Place    | Note
-------+----------+-------------------------------------------
     0 | D:1      | gruber the Gnoll Ice Elementalist began the quest for the
                  | Orb.
     0 | D:1      | Reached XP level 1. HP: 13/13 MP: 6/6
   162 | D:1      | Reached XP level 2. HP: 19/19 MP: 5/7
   558 | D:1      | Reached skill level 5 in Spellcasting
   558 | D:1      | Reached XP level 3. HP: 24/25 MP: 5/9
   562 | D:1      | Learned a level 3 spell: Frozen Ramparts
   566 | D:1      | Learned a level 3 spell: Ozocubu's Armour
   823 | D:1      | Found a faded altar of an unknown god.
   991 | D:2      | Found a radiant altar of Vehumet.
   999 | D:2      | Reached skill level 1 in Invocations
  1113 | D:2      | Reached skill level 1 in Fighting
  1113 | D:2      | Reached skill level 1 in Short Blades
  1113 | D:2      | Reached skill level 1 in Long Blades
  1113 | D:2      | Reached skill level 1 in Axes
  1113 | D:2      | Reached skill level 1 in Maces & Flails
  1113 | D:2      | Reached skill level 1 in Polearms
  1113 | D:2      | Reached skill level 1 in Staves
  1113 | D:2      | Reached skill level 1 in Ranged Weapons
  1113 | D:2      | Reached skill level 1 in Throwing
  1113 | D:2      | Reached skill level 1 in Armour
  1113 | D:2      | Reached skill level 1 in Shields
  1113 | D:2      | Reached skill level 1 in Unarmed Combat
  1113 | D:2      | Reached skill level 1 in Evocations
  1254 | D:2      | Reached XP level 4. HP: 32/32 MP: 9/11
  1294 | D:2      | Reached skill level 1 in Shapeshifting
  1839 | D:3      | Reached skill level 1 in Conjurations
  1839 | D:3      | Reached skill level 1 in Hexes
  1839 | D:3      | Reached skill level 1 in Summonings
  1839 | D:3      | Reached skill level 1 in Necromancy
  1839 | D:3      | Reached skill level 1 in Translocations
  1839 | D:3      | Reached skill level 1 in Transmutations
  1839 | D:3      | Reached skill level 1 in Fire Magic
  1839 | D:3      | Reached skill level 1 in Air Magic
  1839 | D:3      | Reached skill level 1 in Earth Magic
  1839 | D:3      | Reached skill level 1 in Poison Magic
  1945 | D:3      | Reached XP level 5. HP: 31/37 MP: 3/12
  2516 | D:3      | Noticed Jessica
  2521 | D:3      | Killed Jessica
  2522 | D:3      | Reached XP level 6. HP: 44/44 MP: 4/13
  2690 | D:4      | Found Oblih's Elemental Accessories.
  2848 | D:4      | Found a shadowy altar of Dithmenos.
  2848 | D:4      | Found an ornate altar of the Wu Jian Council.
  2956 | D:4      | Reached skill level 5 in Dodging
  3041 | D:4      | Found a broken altar of Ashenzari.
  3339 | D:4      | Found a stormy altar of Qazlal.
  3339 | D:4      | Noticed a sky beast
  3345 | D:4      | Killed a sky beast
  3379 | D:4      | Reached XP level 7. HP: 35/50 MP: 15/15
  3872 | D:5      | Entered Level 5 of the Dungeon
  4009 | D:5      | Reached skill level 5 in Stealth
  4053 | D:4      | Slain by an ice beast

Illustrated notes

Levels and vault maps discovered:
D:1:      spicycebolla_arrival_transporter_tutorial, layout_loops_ring,
          hellmonk_ecumenical_altar_heavens_door
D:2:      layout_rooms, basic_altar
D:3:      layout_rooms, roderic_roman_lattice, nrook_campfire,
          kennysheep_jessica_study, uniq_jessica
D:4:      minmay_angry_zag, layout_loops_ring, nicolae_ashenzari_panopticon,
          nicolae_qazlal_beasts_of_the_sky, gammafunk_temple_overflow_statue,
          kennysheep_cross_bottleneck, nicolae_elemental_shop
D:5:      layout_basic, minmay_temple_entry_slanted, kennysheep_nub,
          corexii_corridor_pit

Skill      XL: |  1  2  3  4  5  6  7 |
---------------+----------------------+-----
Spellcasting   | 5 |  5.7
Invocations    | 1 2 3 |  3.0
Fighting       | 1 2 |  2.7
Short Blades   | 1 2 |  2.7
Long Blades    | 1 2 |  2.7
Axes           | 1 2 |  2.7
Maces & Flails | 1 2 |  2.7
Polearms       | 1 2 |  2.7
Staves         | 1 2 |  2.7
Ranged Weapons | 1 2 |  2.7
Throwing       | 1 2 |  2.7
Armour         | 1 2 |  2.7
Shields        | 1 2 |  2.7
Unarmed Combat | 1 2 |  2.7
Evocations     | 1 2 |  2.7
Shapeshifting  | 1 2 |  2.4
Conjurations   | 1 2 |  2.2
Hexes          | 1 2 |  2.2
Summonings     | 1 2 |  2.2
Necromancy     | 1 2 |  2.2
Translocations | 1 2 |  2.2
Transmutations | 1 2 |  2.2
Fire Magic     | 1 2 |  2.2
Air Magic      | 1 2 |  2.2
Earth Magic    | 1 2 |  2.2
Poison Magic   | 1 2 |  2.2
Dodging        | 5 |  5.3
Stealth        | 5 |  5.0
Ice Magic      | |  7.5

Action                     |  1- 3 |  4- 6 |  7- 9 || total
---------------------------+-------+-------+-------++-------
  Melee: Unarmed           |     9 |     2 |       ||    11
         Bite              |     1 |       |       ||     1
   Fire: Sling             |       |   139 |    27 ||   166
   Cast: Freeze            |    55 |    53 |    21 ||   129
         Frozen Ramparts   |       |     8 |     4 ||    12
         Ozocubu's Armour  |       |     4 |     2 ||     6
 Armour: Robe              |    32 |    65 |    19 ||   116
  Dodge: Dodged            |    42 |    73 |    15 ||   130

Table legend: (Time is in decaauts)
 A = Elapsed time spent in this place.
 B = Non-inter-level travel time spent in this place.
 C = Inter-level travel time spent in this place.
 D = Time resting spent in this place.
 E = Time spent auto-exploring this place.
 F = Levels seen in this place.
 G = Mean time per level.
                   A        B        C        D        E       F      G
               +--------+--------+--------+--------+--------+-----+--------+
         Total |   4103 |   3940 |    163 |     93 |   3163 |   5 |  820.6 |
       Dungeon |   4103 |   3940 |    163 |     93 |   3163 |   5 |  820.6 |
               +--------+--------+--------+--------+--------+-----+--------+

Top non-repeatable levels by time:
     D:4: 1213 daAuts
     D:1: 1043 daAuts
     D:2: 893 daAuts
     D:3: 776 daAuts
     D:5: 176 daAuts
